TOP OF THE 1ST |
Maui Tropics batting - Pitching for Pocatello Boccabellas : RHP Kevin Bush
|
Pitching: RHP Kevin Bush
|
|
Batting: RHB Michael Woodruff
|
0-0: Ball 1-0: Ball 2-0: Fly out, F4 (Popup, 4MD)
|
Batting: RHB Jesús Espinoza
|
0-0: Ball 1-0: Called Strike 1-1: Foul Ball, location: 2F 1-2: Ball 2-2: Strikes out swinging
|
Batting: RHB José Herrera
|
0-0: Ground out 1-3 (Groundball, 15S)
|
Top of the 1st over - 0 run(s), 0 hit(s), 0 error(s), 0 left on base; Maui 0 - Pocatello 0 |
BOTTOM OF THE 1ST |
Pocatello Boccabellas batting - Pitching for Maui Tropics : RHP José Ortíz
|
Pitching: RHP José Ortíz
|
|
Batting: RHB José García
|
0-0: Ball 1-0: Foul Ball, location: 2F 1-1: Foul Ball, location: 2F 1-2: Fly out, F1 (Line Drive, 13)
|
Batting: LHB Norberto Muńóz
|
0-0: Foul Ball, location: 2F 0-1: Ball 1-1: Called Strike 1-2: Strikes out looking
|
Batting: RHB Marlon Phipps
|
0-0: Called Strike 0-1: Ball 1-1: Foul Ball, location: 2F 1-2: Ball 2-2: Ball 3-2: Base on Balls
|
Batting: SHB Glenn Vadnais
|
0-0: Ball 1-0: Called Strike 1-1: Swinging Strike 1-2: Foul Ball, location: 2F 1-2: Foul Ball, location: 2F 1-2: Foul Ball, location: 2F 1-2: Foul Ball, location: 2F 1-2: Foul Ball, location: 2F 1-2: Ball 2-2: Ball 3-2: Fly out, F8 (Flyball, 8LXD)
|
Bottom of the 1st over - 0 run(s), 0 hit(s), 0 error(s), 1 left on base; Maui 0 - Pocatello 0 |
TOP OF THE 2ND |
Maui Tropics batting - Pitching for Pocatello Boccabellas : RHP Kevin Bush
|
Batting: LHB Luis Antonio Torres
|
0-0: Ball 1-0: Fly out, F5 (Line Drive, 56S)
|
Now at 3B: Fabrice Brodeur
|
|
Batting: LHB Anacleto Morillo
|
0-0: Ground out 4-3 (Groundball, 4)
|
Batting: RHB Luis Alou
|
0-0: Ball 1-0: Called Strike 1-1: Ball 2-1: Ball 3-1: Ground out 6-3 (Groundball, 6)
|
Top of the 2nd over - 0 run(s), 0 hit(s), 0 error(s), 0 left on base; Maui 0 - Pocatello 0 |
BOTTOM OF THE 2ND |
Pocatello Boccabellas batting - Pitching for Maui Tropics : RHP José Ortíz
|
Batting: RHB Fabrice Brodeur
|
0-0: Called Strike 0-1: Ball 1-1: Foul Ball, location: 2F 1-2: Ball 2-2: Fly out, F8 (Flyball, 8RM)
|
Batting: RHB Pedro Guzmán
|
0-0: Fly out, F4 (Line Drive, 4)
|
Batting: RHB José Delgado
|
0-0: Called Strike 0-1: Swinging Strike 0-2: Ball 1-2: Ball 2-2: Reached on error, E6 (Groundball, 6)
|
Batting: LHB Jim Jensen
|
0-0: Called Strike 0-1: Foul Ball, location: 2F 0-2: Ball 1-2: Ground out U3 (Groundball, 3)
|
Bottom of the 2nd over - 0 run(s), 0 hit(s), 1 error(s), 1 left on base; Maui 0 - Pocatello 0 |
TOP OF THE 3RD |
Maui Tropics batting - Pitching for Pocatello Boccabellas : RHP Kevin Bush
|
Batting: RHB José Rodríguez
|
0-0: DOUBLE (Line Drive, 56D)
|
Batting: RHB Matt Silver
|
0-0: Called Strike 0-1: Called Strike 0-2: Ball 1-2: Foul Ball, location: 2F 1-2: Ball 2-2: Fly out, F9 (Popup, 34D)
|
Batting: RHB Eugene Gill
|
0-0: Foul Ball, location: 2F 0-1: Ball 1-1: Foul Ball, location: 2F 1-2: Ball 2-2: Strikes out swinging
|
Batting: RHB Michael Woodruff
|
0-0: Called Strike 0-1: Ball 1-1: Foul Ball, location: 2F 1-2: Foul Ball, location: 2F 1-2: 2-RUN HOME RUN (Flyball, 9D), Distance : 408 ft
|
Batting: RHB Jesús Espinoza
|
0-0: Called Strike 0-1: Called Strike 0-2: Strikes out swinging
|
Top of the 3rd over - 2 run(s), 2 hit(s), 0 error(s), 0 left on base; Maui 2 - Pocatello 0 |
BOTTOM OF THE 3RD |
Pocatello Boccabellas batting - Pitching for Maui Tropics : RHP José Ortíz
|
Batting: SHB Guillermo Ortíz
|
0-0: Ball 1-0: Ball 2-0: Foul Ball, location: 2F 2-1: Ball 3-1: Called Strike 3-2: Fly out, F7 (Flyball, 7D)
|
|
|
Batting: RHB José García
|
0-0: Ball 1-0: Ball 2-0: Ball 3-0: Base on Balls
|
Batting: LHB Norberto Muńóz
|
0-0: Ball 1-0: Foul Ball, location: 2F 1-1: Called Strike 1-2: Fly out, F8 (Flyball, 8LD)
|
Batting: RHB Marlon Phipps
|
0-0: Foul Ball, location: 2F 0-1: Foul Ball, location: 2F 0-2: Ball 1-2: Strikes out swinging
|
Bottom of the 3rd over - 0 run(s), 0 hit(s), 0 error(s), 1 left on base; Maui 2 - Pocatello 0 |
TOP OF THE 4TH |
Maui Tropics batting - Pitching for Pocatello Boccabellas : RHP Kevin Bush
|
Batting: RHB José Herrera
|
0-0: Called Strike 0-1: Ball 1-1: Called Strike 1-2: Foul Ball, location: 2F 1-2: Foul Ball, location: 2F 1-2: Ball 2-2: Ball 3-2: Foul Ball, location: 2F 3-2: Foul Ball, location: 2F 3-2: Strikes out swinging
|
Batting: LHB Luis Antonio Torres
|
0-0: Foul Ball, location: 2F 0-1: Ball 1-1: Ball 2-1: Ball 3-1: SOLO HOME RUN (Flyball, 78XD), Distance : 411 ft
|
Batting: LHB Anacleto Morillo
|
0-0: Ball 1-0: Ground out 3-1 (Groundball, 34)
|
Batting: RHB Luis Alou
|
0-0: Foul Ball, location: 2F 0-1: Foul Ball, location: 2F 0-2: Strikes out swinging
|
Top of the 4th over - 1 run(s), 1 hit(s), 0 error(s), 0 left on base; Maui 3 - Pocatello 0 |
BOTTOM OF THE 4TH |
Pocatello Boccabellas batting - Pitching for Maui Tropics : RHP José Ortíz
|
Batting: SHB Glenn Vadnais
|
0-0: Called Strike 0-1: Ball 1-1: Called Strike 1-2: Ball 2-2: Ball 3-2: Strikes out swinging
|
Batting: RHB Fabrice Brodeur
|
0-0: Ball 1-0: Foul Ball, location: 2F 1-1: Ball 2-1: Swinging Strike 2-2: Foul Ball, location: 2F 2-2: Ball 3-2: Foul Ball, location: 2F 3-2: Base on Balls
|
Batting: RHB Pedro Guzmán
|
0-0: SINGLE (Line Drive, 4MD) Fabrice Brodeur to second
|
Batting: RHB José Delgado
|
0-0: Swinging Strike 0-1: Foul Ball, location: 2F 0-2: Ball 1-2: Strikes out swinging
|
Batting: LHB Jim Jensen
|
0-0: Called Strike 0-1: Ball 1-1: Called Strike 1-2: Ball 2-2: Ball 3-2: Base on Balls Fabrice Brodeur to third Pedro Guzmán to second
|
Batting: SHB Guillermo Ortíz
|
0-0: Called Strike 0-1: Ball 1-1: Called Strike 1-2: Ground out 4-3 (Groundball, 34)
|
Bottom of the 4th over - 0 run(s), 1 hit(s), 0 error(s), 3 left on base; Maui 3 - Pocatello 0 |
TOP OF THE 5TH |
Maui Tropics batting - Pitching for Pocatello Boccabellas : RHP Kevin Bush
|
Batting: RHB José Rodríguez
|
0-0: Ball 1-0: Ball 2-0: Called Strike 2-1: Called Strike 2-2: Foul Ball, location: 2F 2-2: Ball 3-2: Foul Ball, location: 2F 3-2: Strikes out swinging
|
Batting: RHB Matt Silver
|
0-0: Ground out 5-3 (Groundball, 56)
|
Batting: RHB Eugene Gill
|
0-0: Called Strike 0-1: Swinging Strike 0-2: Ball 1-2: Strikes out swinging
|
Top of the 5th over - 0 run(s), 0 hit(s), 0 error(s), 0 left on base; Maui 3 - Pocatello 0 |
BOTTOM OF THE 5TH |
Pocatello Boccabellas batting - Pitching for Maui Tropics : RHP José Ortíz
|
Batting: RHB José García
|
0-0: DOUBLE (Groundball, 5L)
|
Batting: LHB Norberto Muńóz
|
0-0: Called Strike 0-1: Ground out 6-3 (Groundball, 6M) José García to third
|
Batting: RHB Marlon Phipps
|
0-0: Fly out, F2 (Popup, 2LF)
|
Batting: SHB Glenn Vadnais
|
0-0: Called Strike 0-1: Ball 1-1: Called Strike 1-2: Foul Ball, location: 2F 1-2: Strikes out looking
|
Bottom of the 5th over - 0 run(s), 1 hit(s), 0 error(s), 1 left on base; Maui 3 - Pocatello 0 |
TOP OF THE 6TH |
Maui Tropics batting - Pitching for Pocatello Boccabellas : RHP Kevin Bush
|
Batting: RHB Michael Woodruff
|
0-0: Ground out 5-3 (Groundball, 5L)
|
Batting: RHB Jesús Espinoza
|
0-0: Ball 1-0: Ball 2-0: Called Strike 2-1: Swinging Strike 2-2: Ball 3-2: Foul Ball, location: 2F 3-2: Strikes out swinging
|
Batting: RHB José Herrera
|
0-0: Swinging Strike 0-1: Foul Ball, location: 2F 0-2: Strikes out swinging
|
Top of the 6th over - 0 run(s), 0 hit(s), 0 error(s), 0 left on base; Maui 3 - Pocatello 0 |
BOTTOM OF THE 6TH |
Pocatello Boccabellas batting - Pitching for Maui Tropics : RHP José Ortíz
|
Batting: RHB Fabrice Brodeur
|
0-0: Foul Ball, location: 2F 0-1: Foul Ball, location: 2F 0-2: Reached on error, E5 (Groundball, 5)
|
Batting: RHB Pedro Guzmán
|
0-0: Fielders Choice at 2nd, U4 (Groundball, 4M)
|
Batting: RHB José Delgado
|
0-0: Called Strike 0-1: Ball 1-1: Ball 2-1: SINGLE (Groundball, 56D) (infield hit) Pedro Guzmán to second
|
Batting: LHB Jim Jensen
|
0-0: Fly out, F7 (Flyball, 7S)
|
Batting: SHB Guillermo Ortíz
|
0-0: Called Strike 0-1: Foul Ball, location: 2F 0-2: Ground out 6-3 (Groundball, 56)
|
Bottom of the 6th over - 0 run(s), 1 hit(s), 1 error(s), 2 left on base; Maui 3 - Pocatello 0 |
TOP OF THE 7TH |
Maui Tropics batting - Pitching for Pocatello Boccabellas : RHP Kevin Bush
|
Batting: LHB Luis Antonio Torres
|
0-0: Ground out U3 (Groundball, 3S)
|
Batting: LHB Anacleto Morillo
|
0-0: Called Strike 0-1: Swinging Strike 0-2: Ground out 6-3 (Groundball, 56)
|
Batting: RHB Luis Alou
|
0-0: Called Strike 0-1: Ground out 1-3 (Groundball, 13)
|
Top of the 7th over - 0 run(s), 0 hit(s), 0 error(s), 0 left on base; Maui 3 - Pocatello 0 |
BOTTOM OF THE 7TH |
Pocatello Boccabellas batting - Pitching for Maui Tropics : RHP José Ortíz
|
Batting: RHB José García
|
0-0: Swinging Strike 0-1: Ball 1-1: Foul Ball, location: 2F 1-2: Ground out 6-3 (Groundball, 6M)
|
Batting: LHB Norberto Muńóz
|
0-0: Ball 1-0: Foul Ball, location: 2F 1-1: Ball 2-1: Ball 3-1: Base on Balls
|
Pitching: RHP Yong-taek Yi
|
|
Batting: RHB Marlon Phipps
|
0-0: Called Strike 0-1: Swinging Strike 0-2: Strikes out looking
|
Batting: SHB Glenn Vadnais
|
0-0: Ball 1-0: Called Strike 1-1: Ball 2-1: Called Strike 2-2: Ball 3-2: Strikes out swinging
|
Bottom of the 7th over - 0 run(s), 0 hit(s), 0 error(s), 1 left on base; Maui 3 - Pocatello 0 |
TOP OF THE 8TH |
Maui Tropics batting - Pitching for Pocatello Boccabellas : RHP Kevin Bush
|
Batting: RHB José Rodríguez
|
0-0: Ball 1-0: Foul Ball, location: 2F 1-1: Foul Ball, location: 2F 1-2: Strikes out looking
|
Batting: RHB Matt Silver
|
0-0: Ground out 6-3 (Groundball, 6M)
|
Batting: RHB Eugene Gill
|
0-0: Called Strike 0-1: Foul Ball, location: 2F 0-2: Ball 1-2: Strikes out looking
|
Top of the 8th over - 0 run(s), 0 hit(s), 0 error(s), 0 left on base; Maui 3 - Pocatello 0 |
BOTTOM OF THE 8TH |
Pocatello Boccabellas batting - Pitching for Maui Tropics : RHP Yong-taek Yi
|
Batting: RHB Fabrice Brodeur
|
0-0: Ball 1-0: Ball 2-0: Foul Ball, location: 2F 2-1: Ball 3-1: Base on Balls
|
Pitching: RHP Junior Mateo
|
|
Batting: RHB Pedro Guzmán
|
0-0: SINGLE (Line Drive, 56D) Fabrice Brodeur to second
|
Batting: RHB José Delgado
|
0-0: Fly out, F9 (Line Drive, 9M)
|
Batting: LHB Jim Jensen
|
0-0: Ball 1-0: Grounds into double play, 6-4-3 (Groundball, 6M)
|
Bottom of the 8th over - 0 run(s), 1 hit(s), 0 error(s), 1 left on base; Maui 3 - Pocatello 0 |
TOP OF THE 9TH |
Maui Tropics batting - Pitching for Pocatello Boccabellas : RHP Kevin Bush
|
Pitching: RHP Adrián Martínez
|
|
Batting: RHB Michael Woodruff
|
0-0: Fly out, F8 (Popup, 6MD)
|
Batting: RHB Jesús Espinoza
|
0-0: Ball 1-0: Called Strike 1-1: Ball 2-1: Ball 3-1: DOUBLE (Line Drive, 5L)
|
Batting: RHB José Herrera
|
0-0: Ball 1-0: Called Strike 1-1: Foul Ball, location: 2F 1-2: Strikes out swinging
|
Batting: LHB Luis Antonio Torres
|
0-0: Foul Ball, location: 2F 0-1: SINGLE (Line Drive, 4MD) Jesús Espinoza to third
|
Batting: LHB Anacleto Morillo
|
0-0: Ball 1-0: Foul Ball, location: 2F 1-1: Swinging Strike 1-2: Ball 2-2: Foul Ball, location: 2F 2-2: Strikes out swinging
|
Top of the 9th over - 0 run(s), 2 hit(s), 0 error(s), 2 left on base; Maui 3 - Pocatello 0 |
BOTTOM OF THE 9TH |
Pocatello Boccabellas batting - Pitching for Maui Tropics : RHP Junior Mateo
|
Pitching: RHP Dave Riley
|
|
Batting: SHB Guillermo Ortíz
|
0-0: Called Strike 0-1: Ball 1-1: Ball 2-1: Swinging Strike 2-2: Ball 3-2: Foul Ball, location: 2F 3-2: Base on Balls
|
Batting: RHB José García
|
0-0: Called Strike 0-1: Called Strike 0-2: Ball 1-2: Fielders Choice at 2nd, 3-6 (Groundball, 34)
|
Batting: LHB Norberto Muńóz
|
0-0: Swinging Strike 0-1: SINGLE (Groundball, 4MD) (infield hit) José García to second
|
Batting: RHB Marlon Phipps
|
0-0: Ball 1-0: Called Strike 1-1: Called Strike 1-2: Strikes out swinging
|
Batting: SHB Glenn Vadnais
|
0-0: Ball 1-0: Foul Ball, location: 2F 1-1: Ball 2-1: Foul Ball, location: 2F 2-2: SINGLE (Line Drive, 8LS) José García to third Norberto Muńóz to second Runner from 3rd tries for Home, SAFE, no throw or cutoff
|
Batting: RHB Fabrice Brodeur
|
0-0: Ball 1-0: Called Strike 1-1: Fielders Choice at 2nd, 6-4 (Groundball, 6)
|
Bottom of the 9th over - 1 run(s), 2 hit(s), 0 error(s), 1 left on base; Maui 3 - Pocatello 1 |
|
Monday, December 5th, 2016 - OOTP Baseball 17.12 Build 75
|
|